 Dungeon Crawl Stone Soup version 0.30-a0-743-gbfdf073431 (webtiles) character file.

Game seed: 14021639530115671791

4490 Ijustatesigmund the Contemplative (level 10, -6/94 HPs)
             Began as a Hill Orc Artificer on Feb 8, 2023.
             Was a Priest of Cheibriados.
             Asphyxiated
             ... on level 8 of the Dungeon.
             The game lasted 00:17:32 (7910 turns).

Ijustatesigmund the Contemplative (HOAr)            Turns: 7910, Time: 00:17:32

Health: -6/94      AC: 11    Str: 23    XL:     10   Next: 38%
Magic:  18/18      EV:  8    Int: 22    God:    Cheibriados [***...]
Gold:   183        SH:  5    Dex: 18    Spells: 8/9 levels left

rFire   . . .      SeeInvis +    a - +1 war axe (flame)
rCold   + . .      Faith    .    (no shield)
rNeg    . . .      Spirit   .    b - +0 chain mail
rPois   .          Reflect  +    l - +0 helmet
rElec   .          Harm     .    (no cloak)
rCorr   .          Rampage  .    (no gloves)
Will    .....                    j - +0 pair of boots Stlth
                                 B - amulet of reflection
HPRegen 0.35/turn                w - ring of protection from cold
MPRegen 0.16/turn                n - ring of see invisible

@: lethally poisoned (-6 -> -67), slowed, studying Maces & Flails, very slow
A: robust 1
a: Renounce Religion, Bend Time, Temporal Distortion


You were on level 8 of the Dungeon.
You worshipped Cheibriados.
Cheibriados was most pleased with you.
You visited 1 branch of the dungeon, and saw 8 of its levels.

You collected 388 gold pieces.
You spent 205 gold pieces at shops.

Inventory:

Hand Weapons
 a - a +1 war axe of flaming (weapon)
 h - a +2 demon blade of venom
Armour
 b - a +0 chain mail (worn)
 j - a +0 pair of boots (worn)
 l - a +0 helmet (worn)
Magical Staves
 f - a staff of air
Jewellery
 n - a ring of see invisible (right hand)
 w - a ring of protection from cold (left hand)
 B - an amulet of reflection (around neck)
 C - a ring of willpower
 F - a ring of positive energy
Wands
 c - a wand of flame (5) (quivered)
 d - a wand of charming (6)
 t - a wand of mindburst (18)
 z - a wand of roots (1)
 G - a wand of light (1)
Scrolls
 e - a scroll of brand weapon
 k - 4 scrolls of fog
 o - 5 scrolls of teleportation
 p - a scroll of magic mapping
 y - 2 scrolls of poison
 A - 2 scrolls of identify
 D - a scroll of fear
Potions
 g - 3 potions of might
 i - 3 potions of curing
 m - 3 potions of resistance
 q - 2 potions of mutation
 r - 2 potions of cancellation
 s - 4 potions of berserk rage
 u - 2 potions of attraction
 v - a potion of ambrosia
 x - a potion of brilliance
 E - a potion of heal wounds
 H - a potion of flight {unknown}


   Skills:
 + Level 7.5 Fighting
 + Level 11.1 Axes
 - Level 3.7 Armour
 - Level 0.7 Dodging
 - Level 0.7 Stealth
 - Level 4.4 Necromancy
 + Level 11.4 Invocations
 - Level 3.0 Evocations


You had 8 spell levels left.
You knew the following spells:

 Your Spells              Type           Power      Damage    Failure   Level
a - Necrotise             Necr           76%        1d7       22%         1

Your spell library contained the following spells:

 Spells                   Type           Power      Damage    Failure   Level
 Vampiric Draining        Necr           19%        2d7       54%         3
 Agony                    Necr           19%        N/A       99%         5


Dungeon Overview and Level Annotations

Branches:
Dungeon (8/15)             Temple (0/1) D:4
   Lair: D:8-11

Altars:
Cheibriados
Qazlal
Sif Muna
Vehumet
Wu Jian
Yredelemnul
Zin
The Shining One

Shops:
D:3 ?   D:4 *   D:5 !   D:6 (

Annotations:
D:5 2 transporters, Arximoufas's ghost, amateur DENe
D:8 Amaemon


Innate Abilities, Weirdness & Mutations

You are robust. (+10% HP)


Message History

Amaemon tail-slaps you but does no damage.
Aiming: Bolt of Light
Press: ? - help, Shift-Dir - straight line, f/p - Amaemon
Aim: Amaemon, wielding the +8 whip "Snakebite" {venom, curare, rPois} (severely wounded, 67% to hit)
The bolt of light hits Amaemon!
Amaemon is almost dead.
Amaemon is blinded.
You feel sick. The scorpion barely misses you. You block the scorpion's attack.
The scorpion barely misses you.
Amaemon hits you with the +8 whip "Snakebite" {venom, curare, rPois}!
You are more poisoned.
Amaemon claws you but does no damage.
Amaemon tail-slaps you but does no damage.
The orange demon closely misses you. You block the scorpion's attack.
The scorpion stings you. You block the scorpion's attack.
You closely miss Amaemon.
Amaemon is almost dead.
You closely miss the scorpion. You hit the scorpion. You burn the scorpion.
You hit the scorpion. You burn the scorpion.
You feel very sick.
The scorpion disappears in a puff of smoke!
Amaemon hits you with the +8 whip "Snakebite" {venom, curare, rPois}.
You are more poisoned.
Amaemon claws you.
Amaemon tail-slaps you but does no damage.
The orange demon stings you but does no damage.
The scorpion closely misses you. x2
Amaemon hits you with the +8 whip "Snakebite" {venom, curare, rPois}.
* * * LOW HITPOINT WARNING * * *
You are lethally poisoned!
You are more poisoned.
You have difficulty breathing.
* * * LOW HITPOINT WARNING * * *
You feel as though you will be slow longer.
You block Amaemon's attack. Amaemon tail-slaps you.
* * * LOW HITPOINT WARNING * * *
The orange demon stings you from afar!
* * * LOW HITPOINT WARNING * * *
You are more poisoned.
You have difficulty breathing.
You die...

.# #.# .# ...
.# # #.# .#.#
#.. .#.## #.#
4...### #.#
##6....^.
#.###@ยง.....#
#...s.s......
#.###.......#
#.# #......##
#.# #.....##
#.# #..#.##
############.#
#..###
.............#
#..#
##############
#..#


You could see Amaemon (blind), an orange demon (curare) and 2 scorpions.

Vanquished Creatures
  Pikel (D:7)
  Psyche (D:8)
  Grinder (D:5)
  A wyvern (D:6)
  Eustachio (D:5)
  A steam dragon (D:7)
  3 water moccasins
  Duvessa (D:7)
  An orc warrior (D:8)
  A sky beast (D:7)
  An ice beast (D:5)
  2 black bears
  An ogre (D:6)
  3 lemures (D:7)
  A centaur (D:8)
  2 phantoms
  A bullfrog (D:6)
  A gnoll sergeant (D:6)
  6 scorpions
  Dowan (D:7)
  3 jellies
  2 howler monkeys (D:6)
  4 hounds
  3 orc priests
  Ijyb (D:3)
  An iguana (D:5)
  7 orc wizards
  2 adders
  7 gnolls (D:6)
  A shadow imp (D:5)
  2 white imps
  2 ufetubi (D:7)
  3 worms
  2 dart slugs
  20 orcs
  6 bats
  5 endoplasms
  A giant cockroach (D:4)
  4 goblins
  10 hobgoblins
  7 jackals
  A quokka (D:3)
  5 ball pythons
  6 frilled lizards
  13 kobolds
  6 rats
155 creatures vanquished.

Vanquished Creatures (collateral kills)
  A boulder beetle (D:7)
  A white imp (D:7)
  A ball python (D:1)
  A giant cockroach (D:1)
  A quokka (D:1)
5 creatures vanquished.

Vanquished Creatures (others)
  A jelly (D:7)
  A gnoll (D:6)
  An orc (D:3)
  6 plants (D:5)
9 creatures vanquished.

Grand Total: 169 creatures vanquished

Notes
Turn   | Place    | Note
-------+----------+-------------------------------------------
     0 | D:1      | Ijustatesigmund the Hill Orc Artificer began the quest for
                  | the Orb.
     0 | D:1      | Reached XP level 1. HP: 16/16 MP: 1/1
   143 | D:1      | Reached XP level 2. HP: 16/25 MP: 2/2
   797 | D:1      | Reached XP level 3. HP: 31/31 MP: 3/3
  1640 | D:2      | Reached XP level 4. HP: 38/40 MP: 4/4
  1662 | D:2      | Found a snail-covered altar of Cheibriados.
  1711 | D:2      | Became a worshipper of Cheibriados the Contemplative
  1778 | D:3      | Found a faded altar of an unknown god.
  1906 | D:3      | Found Aticw's Magic Scroll Shop.
  1913 | D:3      | Bought a scroll of magic mapping for 82 gold pieces
  1913 | D:3      | Bought a scroll of noise for 11 gold pieces
  1935 | D:3      | Reached skill level 1 in Invocations
  2037 | D:3      | Reached XP level 5. HP: 47/47 MP: 6/6
  2210 | D:3      | Noticed Ijyb
  2220 | D:3      | Killed Ijyb
  2656 | D:3      | Reached * piety under Cheibriados
  2898 | D:4      | Reached XP level 6. HP: 55/55 MP: 6/8
  2921 | D:4      | Found an ornate altar of the Wu Jian Council.
  3005 | D:4      | Found a stormy altar of Qazlal.
  3005 | D:4      | Noticed an air elemental
  3011 | D:4      | Found a staircase to the Ecumenical Temple.
  3047 | D:4      | Found a shimmering blue altar of Sif Muna.
  3062 | D:4      | Found a glowing silver altar of Zin.
  3081 | D:4      | Found Zin's Purification Station.
  3225 | D:4      | Noticed a black bear
  3232 | D:4      | Killed a black bear
  3375 | D:4      | Noticed a fire elemental
  3386 | D:4      | Noticed a water elemental
  3411 | D:5      | Entered Level 5 of the Dungeon
  3434 | D:5      | Reached skill level 5 in Invocations
  3434 | D:5      | Reached XP level 7. HP: 54/60 MP: 10/10
  3492 | D:5      | Noticed Eustachio
  3501 | D:5      | Killed Eustachio
  3502 | D:5      | Reached skill level 5 in Axes
  3966 | D:5      | Found a transporter.
  3999 | D:5      | Reached XP level 8. HP: 36/67 MP: 11/13
  4396 | D:5      | Found a transporter.
  4436 | D:5      | Learned a level 1 spell: Necrotise
  4560 | D:5      | Reached ** piety under Cheibriados
  4590 | D:5      | Found Liraink's Distillery.
  4594 | D:5      | Reached skill level 1 in Necromancy
  4609 | D:5      | Bought a potion of mutation for 112 gold pieces
  4609 | D:5      | Gained mutation: You are robust. (+10% HP) [potion of
                  | mutation]
  4638 | D:5      | Noticed Grinder
  4649 | D:5      | Killed Grinder
  4903 | D:5      | Noticed Arximoufas's ghost (amateur DENe)
  5052 | D:6      | Found Seumn's Weapon Boutique.
  5311 | D:6      | Reached XP level 9. HP: 62/80 MP: 15/15
  6159 | D:6      | Found a basalt altar of Yredelemnul.
  6437 | D:7      | Reached skill level 5 in Fighting
  6599 | D:7      | Noticed Pikel
  6599 | D:7      | Noticed Duvessa
  6600 | D:7      | Noticed Dowan
  6620 | D:7      | Killed Pikel
  6621 | D:7      | Reached skill level 10 in Invocations
  6623 | D:7      | Reached *** piety under Cheibriados
  6632 | D:7      | Killed Duvessa
  6633 | D:7      | Reached skill level 10 in Axes
  6641 | D:7      | Killed Dowan
  6843 | D:7      | Noticed a boulder beetle
  6881 | D:7      | Killed a boulder beetle
  6882 | D:7      | Reached XP level 10. HP: 85/92 MP: 16/18
  7052 | D:7      | Found a glowing golden altar of the Shining One.
  7170 | D:7      | Found a radiant altar of Vehumet.
  7588 | D:8      | Noticed Psyche
  7598 | D:8      | Killed Psyche
  7895 | D:8      | Noticed Amaemon
  7899 | D:8      | Noticed an orange demon
  7910 | D:8      | Asphyxiated

Illustrated notes

Levels and vault maps discovered:
D:1:      minmay_arrival_three_doors, layout_loops_ring
D:2:      layout_basic, basic_altar
D:3:      layout_loops_corners, serial_shops, shop,
          hellmonk_ecumenical_altar_crossroads, chequers_jeans,
          minmay_goblin_kobold_house, uniq_ijyb
D:4:      black_bear_nest_2, layout_rooms, zin_purify,
          mainiacjoe_overflow_brackets, nicolae_sif_muna_little_library,
          nicolae_qazlal_style_of_elements, minmay_temple_entry_stoned_glass
D:5:      layout_gridville, serial_shops, shop, gammafunk_ghost_gnarly_gnolls,
          kennysheep_generic_room_8, uniq_grinder, uniq_eustachio
D:6:      layout_basic, mainiacjoe_overflow_alcove_4, serial_shops,
          nicolae_shop_bloodbath_and_beyond, chequers_decorated_corner
D:7:      layout_basic, nicolae_vehumet_altar_sigil, overflow_temple_1_default,
          uniq_pikel, uniq_duvessa
D:8:      layout_loops_ring, lemuel_mausoleum_altar_kikubaaqudgha,
          hellmonk_guarded_unrand_staff_of_battle, uniq_amaemon, uniq_psyche

Skill      XL: |  1  2  3  4  5  6  7  8  9 10 |
---------------+-------------------------------+-----
Fighting       | 2 3 4 6 7 |  7.5
Armour         | 3 |  3.7
Invocations    | 1 3 5 6 8 11 | 11.4
Axes           | 2 4 6 8 10 11 | 11.1
Necromancy     | 3 4 |  4.4
Dodging        | |  0.7
Stealth        | |  0.7
Evocations     | |  3.0

Action                     |  1- 3 |  4- 6 |  7- 9 | 10-12 || total
---------------------------+-------+-------+-------+-------++-------
  Melee: Club              |    83 |       |       |       ||    83
         Spear             |   101 |    16 |       |       ||   117
         Punch             |     1 |     2 |     2 |       ||     5
         Demon blade       |       |    96 |    55 |       ||   151
         War axe           |       |       |   152 |    50 ||   202
  Evoke: Wand              |     4 |     7 |    20 |     9 ||    40
    Use: Scroll            |    10 |     7 |     9 |     2 ||    28
         Potion            |       |       |     3 |     2 ||     5
   Stab: Invisible         |       |       |       |     1 ||     1
 Armour: Leather armour    |    40 |       |       |       ||    40
         Ring mail         |    37 |    22 |       |       ||    59
         Chain mail        |       |    48 |   149 |    38 ||   235
  Dodge: Dodged            |   128 |    57 |    71 |    23 ||   279
  Block: Other             |       |     5 |    52 |    18 ||    75

Table legend: (Time is in decaauts)
 A = Elapsed time spent in this place.
 B = Non-inter-level travel time spent in this place.
 C = Inter-level travel time spent in this place.
 D = Time resting spent in this place.
 E = Time spent auto-exploring this place.
 F = Levels seen in this place.
 G = Mean time per level.
                   A        B        C        D        E       F      G
               +--------+--------+--------+--------+--------+-----+--------+
         Total |   9676 |   9369 |    307 |   1446 |   6447 |   8 | 1209.5 |
       Dungeon |   9676 |   9369 |    307 |   1446 |   6447 |   8 | 1209.5 |
               +--------+--------+--------+--------+--------+-----+--------+

Top non-repeatable levels by time:
     D:5: 2017 daAuts
     D:6: 1706 daAuts
     D:7: 1576 daAuts
     D:3: 1486 daAuts
     D:1: 1144 daAuts
     D:4: 666 daAuts
     D:2: 616 daAuts
     D:8: 462 daAuts
